 Dungeon Crawl Stone Soup version 0.24-a0-136-gad582e5 (webtiles) character file.

Game seed: 1661429570999263711

273 snowfan the Firebug (level 6, -6/32 HPs)
             Began as a Deep Elf Fire Elementalist on Mar 1, 2019.
             Killed by divine providence
             ... invoked by an orc priest
              (14 damage)
             ... on level 4 of the Dungeon.
             The game lasted 00:10:57 (2979 turns).

snowfan the Firebug (Deep Elf Fire Elementalist)    Turns: 2979, Time: 00:10:58

Health: -6/32      AC:  2    Str:  3 (5)  XL:     6   Next: 2%
Magic:  5/15       EV: 13    Int: 21 (22) God:
Gold:   268        SH:  0    Dex: 15      Spells: 6/15 levels left

rFire    . . .     SeeInvis .   d - -3 spear (curse)
rCold    . . .     Gourm    .   (no shield)
rNeg     . . .     Faith    .   a - +0 robe
rPois    .         Spirit   .   (no helmet)
rElec    .         Reflect  .   (no cloak)
rCorr    .         Harm     .   (no gloves)
MR       .....                  (no boots)
Stlth    ++........             (no amulet)
HPRegen  0.10/turn              j - ring of flight
MPRegen  0.14/turn              (no ring)

@: no status effects
A: no striking features
a: Evoke Flight


You were on level 4 of the Dungeon.
You were very hungry.

You visited 1 branch of the dungeon, and saw 4 of its levels.
You also visited: Ossuary.

You collected 268 gold pieces.

Inventory:

Hand Weapons
 d - a cursed -3 spear (weapon)
 k - a +0 dagger of venom
Armour
 a - a +0 robe (worn)
Jewellery
 j - a ring of flight (left hand)
 n - an uncursed ring of protection from magic {unknown}
Scrolls
 b - a scroll of magic mapping {unknown}
 g - 9 scrolls of identify {unknown}
 l - 2 scrolls of enchant weapon {unknown}
 p - a scroll of enchant armour {unknown}
 q - a scroll of teleportation {unknown}
 s - a scroll of amnesia {unknown}
 t - 2 scrolls of remove curse {unknown}
 u - a scroll of vulnerability {unknown}
Potions
 e - a potion of resistance {unknown}
 f - 2 potions of heal wounds {unknown}
 h - a potion of cancellation {unknown}
 i - a potion of brilliance {unknown}
 m - 4 potions of curing {unknown}
 o - 2 potions of mutation {unknown}
 r - a potion of berserk rage {unknown}
 v - a potion of magic {unknown}
 w - a potion of invisibility {unknown}
Comestibles
 c - 6 rations


   Skills:
 - Level 2.4 Dodging
 - Level 2.4 Stealth
 + Level 5.1 Spellcasting
 - Level 2.6 Conjurations
 * Level 6.0 Fire Magic


You had 6 spell levels left.
You knew the following spells:

 Your Spells              Type           Power        Failure   Level  Hunger
a - Flame Tongue          Conj/Fire      ###..        1%          1    None
d - Conjure Flame         Conj/Fire      ###.....     5%          3    ##.....
s - Throw Flame           Conj/Fire      ###...       2%          2    None
x - Inner Flame           Hex/Fire       ###.....     10%         3    ##.....

Your spell library contained the following spells:

 Spells                   Type           Power        Failure   Level  Hunger
 Animate Skeleton         Necr           N/A          11%         1    None
 Apportation              Tloc           #.....       11%         1    None
 Confusing Touch          Hex            #.....       11%         1    None
 Summon Small Mammal      Summ           #...         11%         1    None
 Sticky Flame             Conj/Fire      ###.....     19%         4    ####...
 Fireball                 Conj/Fire      ###.......   45%         5    #####..


Dungeon Overview and Level Annotations

Branches:
Dungeon (4/15)
 Temple: D:4-7

Altars:
Ru
Yredelemnul


Message History

The puff of flame hits the orc!
The orc explodes!
The fiery explosion engulfs the orc priest!!!
You kill the orc priest!
You feel your intelligence returning.
The fiery explosion engulfs the orc priest!!
You kill the orc priest!
You feel your strength returning.
Your Fire Magic skill increases to level 6!
You have reached level 6!
Your experience leads to an increase in your attributes!
Your base attributes are Str 5, Int 21, Dex 15.
Increase (S)trength, (I)ntelligence, or (D)exterity?
You feel clever.
The orc priest calls down the wrath of Beogh upon you.
Beogh smites you!
* * * LOW HITPOINT WARNING * * *
The orc priest mumbles some strange prayers to Beogh against you.
Beogh smites you!
You die...

## .. #.# ###
#.#############.#
#..(............#
#.#..........##(#
#.#@########.##.#
########.#.#
#.##.#
#..........#
#.##.#
#..........#
#.##.#
#..........#
#.##.#
###....#.#.#
#.##.# ##...#.#.#
#.# #####.#o# #.#
#.#.# #<#


You could see an orc priest.

Vanquished Creatures
  2 orc priests (D:4)
  8 mummies (Ossuary)
  3 adders (D:2)
  4 dart slugs
  7 orcs
  A ball python (D:1)
  2 bats (D:2)
  A giant cockroach (D:1)
  2 gnoll zombies (Ossuary)
  6 goblins
  6 hobgoblins
  9 jackals
  A quokka (D:4)
  4 frilled lizards
  3 hobgoblin zombies (Ossuary)
  6 kobolds
  3 kobold zombies (Ossuary)
  10 rats
78 creatures vanquished.

Notes
Turn   | Place    | Note
-------+----------+-------------------------------------------
     0 | D:1      | snowfan the Deep Elf Fire Elementalist began the quest for
                  | the Orb.
     0 | D:1      | Reached XP level 1. HP: 10/10 MP: 6/6
   285 | D:1      | Reached XP level 2. HP: 15/15 MP: 5/8
   494 | D:1      | Reached skill level 4 in Fire Magic
   555 | D:1      | Reached XP level 3. HP: 14/19 MP: 1/10
   833 | D:1      | Learned a level 3 spell: Conjure Flame
   839 | D:1      | Learned a level 2 spell: Throw Flame
   843 | D:1      | Learned a level 3 spell: Inner Flame
  1244 | D:2      | Found a sacrificial altar of Ru.
  1244 | D:2      | Found a basalt altar of Yredelemnul.
  1373 | D:2      | Reached XP level 4. HP: 24/24 MP: 6/12
  1980 | D:3      | Reached skill level 5 in Spellcasting
  2225 | D:4      | Found a sand-covered staircase.
  2254 | Ossuary  | Entered an ossuary
  2549 | Ossuary  | Reached skill level 5 in Fire Magic
  2549 | Ossuary  | Reached XP level 5. HP: 28/28 MP: 4/14
  2968 | D:4      | Reached skill level 6 in Fire Magic
  2968 | D:4      | Reached XP level 6. HP: 21/32 MP: 3/15
  2979 | D:4      | Killed from afar by an orc priest

Levels and vault maps discovered:
D:1:      nicolae_arrival_memento_mori, layout_loops_ring
D:2:      lemuel_upstairs_altar, layout_basic,
          chequers_temple_overflow_statue_of_worship
D:3:      layout_basic, minmay_mini_jars
D:4:      layout_basic, minmay_temple_entry_waves, enter_ossuary_3
Ossuary:  ossuary_tomb_3

Skill      XL: |  1  2  3  4  5 |
---------------+----------------+-----
Spellcasting   | 4 5 |  5.1
Fire Magic     | 4 5 6 |  6.0
Conjurations   | 2 |  2.6
Dodging        | |  2.4
Stealth        | |  2.4

Action                   |  1- 3 |  4- 6 || total
-------------------------+-------+-------++-------
Melee: Unarmed           |     9 |       ||     9
       Spear             |    26 |    20 ||    46
 Cast: Flame Tongue      |    72 |    49 ||   121
       Throw Flame       |       |    31 ||    31
       Inner Flame       |       |     2 ||     2
       Conjure Flame     |       |     1 ||     1
  Use: Potion            |       |     2 ||     2
 Stab: Sleeping          |     1 |       ||     1
  Eat: Chunk             |     1 |     4 ||     5
Armor: Robe              |    10 |     2 ||    12
       Skin              |       |     4 ||     4
Dodge: Dodged            |    48 |    11 ||    59

Table legend:
 A = Non-vault XP
 B = Vault XP
 C = Vault XP percentage of total XP
 D = Non-vault monster count
 E = Vault monster count
 F = Vault count percentage of total count
                 A         B        C        D         E       F
            +---------+---------+-------+---------+---------+-------
      Total |     232 |     158 |  40.5 |      60 |      18 |  23.1
            +---------+---------+-------+---------+---------+-------
        D:1 |      49 |       0 |   0.0 |      25 |       0 |   0.0
        D:2 |      73 |       0 |   0.0 |      21 |       0 |   0.0
        D:3 |      23 |       4 |  14.8 |      10 |       2 |  16.7
        D:4 |      87 |       0 |   0.0 |       4 |       0 |   0.0
    Ossuary |       0 |     154 | 100.0 |       0 |      16 | 100.0
            +---------+---------+-------+---------+---------+-------
